 Dungeon Crawl Stone Soup version 0.30-a0-219-gf2db51d15e (webtiles) character file.

Game seed: 13411662243579004533

12826 Iusername the Cleaver (level 11, -13/101 HPs)
             Began as a Minotaur Fighter on Oct 6, 2022.
             Mangled by a tengu reaver
             ... wielding a +0 battleaxe
              (23 damage)
             ... on level 12 of the Dungeon.
             The game lasted 00:17:46 (12955 turns).

Iusername the Cleaver (Minotaur Fighter)           Turns: 12955, Time: 00:17:47

Health: -13/101    AC: 18    Str: 25    XL:     11   Next: 67%
Magic:  0/10       EV:  8    Int: 17    God:
Gold:   989        SH:  5    Dex: 10    Spells: 10/10 levels left

rFire   . . .      SeeInvis .    f - +8 war axe of the Arena {vorpal, rPois Int+6}
rCold   . . .      Faith    .    c - +0 buckler
rNeg    . . .      Spirit   +    L - +0 plate armour
rPois   +          Reflect  .    (helmet restricted)
rElec   .          Harm     .    M - +0 cloak
rCorr   +          Rampage  .    s - +0 pair of gloves
Will    .....                    (no boots)
Stlth   ..........               m - amulet of guardian spirit
HPRegen 0.36/turn                i - ring of resist corrosion
MPRegen 0.12/turn                w - +6 ring of intelligence

@: no status effects
A: horns 2, retaliatory headbutt
a: no special abilities


You were on level 12 of the Dungeon.
You visited 1 branch of the dungeon, and saw 12 of its levels.

You collected 989 gold pieces.

Inventory:

Hand Weapons
 a - a +0 war axe
 f - the +8 war axe of the Arena (weapon) {vorpal, rPois Int+6}
   (You acquired it on level 5 of the Dungeon)

   It inflicts extra damage upon your enemies.
   Int:       It affects your intelligence (+6).
   rPois:     It protects you from poison.
Missiles
 G - 3 throwing nets (quivered)
Armour
 c - a +0 buckler (worn)
 s - a +0 pair of gloves (worn)
 L - a +0 plate armour (worn)
 M - a +0 cloak (worn)
Jewellery
 i - a ring of resist corrosion (left hand)
 m - an amulet of guardian spirit (around neck)
 w - a +6 ring of intelligence (right hand)
 D - a ring of protection from fire
 P - a ring of willpower
Wands
 k - a wand of charming (25)
 v - a wand of mindburst (38)
 E - a wand of digging (2)
 N - a wand of flame (28)
Scrolls
 b - 2 scrolls of identify
 d - 2 scrolls of magic mapping
 h - 2 scrolls of blinking {unknown}
 j - 6 scrolls of teleportation
 o - 2 scrolls of summoning {unknown}
 t - a scroll of butterflies {unknown}
 x - 2 scrolls of amnesia {unknown}
 y - a scroll of enchant weapon {unknown}
 A - a scroll of enchant armour {unknown}
 H - 2 scrolls of brand weapon {unknown}
 I - 2 scrolls of immolation {unknown}
 Q - 2 scrolls of poison {unknown}
 R - a scroll of noise {unknown}
Potions
 e - a potion of heal wounds
 g - a potion of invisibility
 l - a potion of resistance
 n - 2 potions of attraction {unknown}
 p - 4 potions of might
 q - 2 potions of mutation
 r - 2 potions of flight
 u - a potion of cancellation
 z - a potion of magic
 B - 2 potions of lignification
 C - a potion of haste {unknown}
 F - 5 potions of curing
 K - a potion of berserk rage {unknown}
 O - 3 potions of ambrosia {unknown}


   Skills:
 + Level 10.5 Fighting
 + Level 14.6 Axes
 + Level 11.9 Armour
 + Level 4.9 Dodging
 + Level 1.8 Stealth
 + Level 6.7 Shields


You had 10 spell levels left.
You didn't know any spells.
Your spell library contained the following spells:

 Spells                   Type           Power      Damage    Failure   Level
 Apportation              Tloc           0%         N/A       95%         1
 Necrotise                Necr           0%         1d4       95%         1
 Sting                    Tmut/Pois      0%         1d3       95%         1
 Summon Small Mammal      Summ           0%         N/A       95%         1
 Poisonous Vapours        Pois/Air       0%         N/A       99%         2
 Dazzling Flash           Conj/Hex       0%         N/A       100%        3
 Gell's Gravitas          Tloc           0%         N/A       100%        3
 Inner Flame              Hex/Fire       0%         N/A       100%        3
 Lesser Beckoning         Tloc           0%         N/A       100%        3
 Ozocubu's Armour         Ice            0%         N/A       100%        3
 Teleport Other           Tloc           0%         N/A       100%        3
 Vhi's Electric Charge    Tloc/Air       0%         N/A       100%        3
 Cause Fear               Hex            0%         N/A       100%        4
 Olgreb's Toxic Radiance  Pois           0%         N/A       100%        4
 Agony                    Necr           0%         N/A       100%        5
 Arcjolt                  Conj/Air       0%         1d10      100%        5
 Metabolic Englaciation   Hex/Ice        0%         N/A       100%        5
 Silence                  Hex/Air        0%         N/A       100%        5
 Dispersal                Tloc           0%         N/A       100%        6
 Simulacrum               Ice/Necr       0%         N/A       100%        6
 Ozocubu's Refrigeration  Ice            0%         4d7       100%        7
 Discord                  Hex            0%         N/A       100%        8
 Maxwell's Capacitive Co  Air            0%         ∞         100%        8


Dungeon Overview and Level Annotations

Branches:
Dungeon (12/15)            Temple (0/1) D:5            Lair (0/5) D:9
    Orc (0/2) D:10

Altars:
Kikubaaqudgha
Nemelex Xobeh
Okawaru
Ru
Sif Muna
Trog
Uskayaw
Zin
The Shining One

Shops:
D:5 ?   D:8 *

Annotations:
D:8 2 transporters, greasedhog's ghost, journeyman GrHW
D:9 1 runed translucent door, ImAmAmBug's ghost, journeyman GrFi
D:10 3 runed translucent doors, ragingrage's ghost, journeyman TeAE; spaghetti's ghost, novice GnCK


Innate Abilities, Weirdness & Mutations

You have a pair of horns on your head.
You reflexively headbutt those who attack you in melee.


Message History

The tengu reaver is heavily wounded.
You slash the fire elemental!
You destroy the fire elemental!
The fire elemental disappears in a puff of smoke!
You slash the fire elemental! The fire elemental hits you.
The fire elemental burns you!
* * * LOW HITPOINT WARNING * * *
You feel much better. The fire elemental hits you.
The fire elemental burns you!
The tengu reaver hits you with a +0 battleaxe!!
* * * LOW HITPOINT WARNING * * *
The tengu reaver pecks you but does no damage.
The tengu reaver claws you but does no damage.
You block the fire elemental's attack.
You slash the tengu reaver!
The tengu reaver is heavily wounded.
You slash the fire elemental!
You destroy the fire elemental!
The fire elemental disappears in a puff of smoke!
The tengu reaver hits you with a +0 battleaxe.
* * * LOW HITPOINT WARNING * * *
The tengu reaver pecks you.
* * * LOW HITPOINT WARNING * * *
The tengu reaver claws you but does no damage.
You feel much better.
The tengu reaver hits you with a +0 battleaxe!
* * * LOW HITPOINT WARNING * * *
The tengu reaver pecks you but does no damage.
The tengu reaver closely misses you.
You feel much better.
The tengu reaver hits you with a +0 battleaxe!
* * * LOW HITPOINT WARNING * * *
You block the tengu reaver's attack.
The tengu reaver claws you but does no damage.
You block the deep elf pyromancer's attack.
You slash the tengu reaver! Your headbutt misses the tengu reaver.
The tengu reaver is severely wounded.
You hit the deep elf pyromancer but do no damage.
The tengu reaver hits you with a +0 battleaxe!!
You die...

............... ...
#######.####### #.#
............... ...
#######.####### #.# #.#
#.# ##### #)#########.#
###.#.###............
###...#..§###########.#
#....Q@e....### #.#
.......#.......### #.#
.......#.........### #.#
.....#####.....)...###)#
...#+ #.#'#.....###.#.#
.# #...###.#'#...#.#
#.....###.....#.#
#...####......#.#
#.###..#......#.#


You could see a tengu reaver and a deep elf pyromancer.

Vanquished Creatures
  A rakshasa (D:12)
  A centaur warrior (D:12)
  A boulder beetle (D:11)
  2 two-headed ogres
  An ugly thing (D:12)
  2 cyclopes (D:11)
  Joseph (D:7)
  A gargoyle (D:12)
  Psyche (D:8)
  A kobold demonologist (D:11)
  A troll (D:10)
  Grinder (D:3)
  5 shadows
  6 wraiths
  A wyvern (D:10)
  4 vampire mosquitoes (D:10)
  A water moccasin (D:7)
  2 acid dragons (D:12)
  6 orc warriors
  2 black bears
  2 sky beasts (D:8)
  The ghost of baller8008 the Trooper, an amateur DrFi (D:3)
  5 centaurs
  4 kobold brigands
  3 phantoms
  A bullfrog (D:7)
  A gnoll sergeant (D:6)
  3 scorpions
  2 necrophages
  A wyvern skeleton (D:3)
  5 wights (D:9)
  A water moccasin skeleton (D:3)
  4 killer bees (D:9)
  A troll zombie (D:10)
  5 howler monkeys
  A centaur zombie (D:3)
  A bullfrog skeleton (D:3)
  4 hounds
  Crazy Yiuf (D:7)
  8 orc priests
  2 gnoll boudas
  3 jellies
  5 iguanas
  8 orc wizards
  5 ogre zombies (D:10)
  18 gnolls
  8 adders
  A shadow imp (D:6)
  3 white imps
  2 ufetubi
  A worm (D:2)
  5 dart slugs
  37 orcs
  5 bats
  8 endoplasms
  8 giant cockroaches
  5 goblins
  9 hobgoblins
  9 jackals
  3 quokkas
  8 ball pythons
  4 frilled lizards
  2 goblin skeletons (D:10)
  3 goblin zombies (D:10)
  2 hobgoblin zombies (D:10)
  18 kobolds
  12 orc zombies (D:10)
  9 rats
  4 toadstools (D:3)
302 creatures vanquished.

Vanquished Creatures (others)
  6 fungi
  2 plants (D:9)
8 creatures vanquished.

Grand Total: 310 creatures vanquished

Notes
Turn   | Place    | Note
-------+----------+-------------------------------------------
     0 | D:1      | Iusername the Minotaur Fighter began the quest for the Orb.
     0 | D:1      | Reached XP level 1. HP: 19/19 MP: 0/0
   254 | D:1      | Reached XP level 2. HP: 27/27 MP: 1/1
  1176 | D:2      | Reached XP level 3. HP: 33/33 MP: 2/2
  1285 | D:2      | Reached skill level 3 in Axes
  1329 | D:2      | Found a faded altar of an unknown god.
  1744 | D:2      | Reached XP level 4. HP: 39/40 MP: 3/3
  1930 | D:3      | Found a bloodstained altar of Trog.
  1937 | D:3      | Noticed Grinder
  1940 | D:3      | Paralysed by Grinder for 5 turns
  1956 | D:3      | Killed Grinder
  1957 | D:3      | Reached skill level 5 in Axes
  1957 | D:3      | Reached skill level 5 in Armour
  1957 | D:3      | Reached skill level 1 in Dodging
  1957 | D:3      | Reached XP level 5. HP: 13/47 MP: 1/4
  2151 | D:3      | Reached XP level 6. HP: 53/53 MP: 5/5
  2216 | D:3      | Found a transporter.
  2216 | D:3      | Noticed baller8008's ghost (amateur DrFi)
  2397 | D:3      | Found a transporter.
  2483 | D:3      | Found a glowing silver altar of Zin.
  2483 | D:3      | Found a sparkling altar of Nemelex Xobeh.
  2485 | D:3      | Found an ancient bone altar of Kikubaaqudgha.
  2487 | D:3      | Found a glowing golden altar of the Shining One.
  2489 | D:3      | Found a sacrificial altar of Ru.
  2538 | D:3      | Reached skill level 6 in Axes
  2547 | D:3      | Reached XP level 7. HP: 35/60 MP: 2/6
  2551 | D:3      | Killed baller8008's ghost
  2552 | D:3      | Reached skill level 7 in Axes
  3605 | D:4      | Reached skill level 5 in Fighting
  3942 | D:4      | Found a shimmering blue altar of Sif Muna.
  4193 | D:5      | Entered Level 5 of the Dungeon
  4254 | D:5      | Reached XP level 8. HP: 68/69 MP: 7/7
  4293 | D:5      | Reached skill level 8 in Axes
  4313 | D:5      | Identified a scroll of acquirement
  4313 | D:5      | Acquired the +8 war axe of the Arena {vorpal, rPois Int+6}
  4431 | D:5      | Reached skill level 1 in Stealth
  4431 | D:5      | Reached skill level 5 in Shields
  4517 | D:5      | Found a staircase to the Ecumenical Temple.
  4925 | D:5      | Found Vavebrev's Magic Scroll Shop.
  4978 | D:5      | Found an iron altar of Okawaru.
  5376 | D:6      | Reached skill level 9 in Axes
  6055 | D:7      | Reached XP level 9. HP: 57/78 MP: 5/8
  6064 | D:7      | Reached skill level 10 in Axes
  6280 | D:7      | Noticed Joseph
  6293 | D:7      | Killed Joseph
  6742 | D:7      | Found a runed translucent door.
  6743 | D:7      | Noticed Crazy Yiuf
  6849 | D:7      | Reached skill level 11 in Axes
  7284 | D:7      | Killed Crazy Yiuf
  7401 | D:8      | Noticed a two-headed ogre
  7402 | D:8      | Found a transporter.
  7403 | D:8      | Noticed greasedhog's ghost (journeyman GrHW)
  7571 | D:8      | Noticed Psyche
  7579 | D:8      | Killed Psyche
  7713 | D:8      | Reached XP level 10. HP: 88/88 MP: 9/9
  7742 | D:8      | Found Wehe Okuass's Lightly-Used Armoury.
  7857 | D:8      | Found a transporter.
  8156 | D:9      | Noticed ImAmAmBug's ghost (journeyman GrFi)
  8195 | D:9      | Found a staircase to the Lair.
  8210 | D:9      | Reached skill level 12 in Axes
  8672 | D:9      | Found a runed translucent door.
  9171 | D:10     | Entered Level 10 of the Dungeon
  9251 | D:10     | Found a runed translucent gate.
  9251 | D:10     | Found a runed translucent gate.
  9251 | D:10     | Found a runed translucent gate.
  9254 | D:10     | Noticed spaghetti's ghost (novice GnCK)
  9254 | D:10     | Noticed ragingrage's ghost (journeyman TeAE)
  9286 | D:10     | Found a hide-covered altar of Uskayaw.
  9503 | D:10     | Reached skill level 13 in Axes
  9584 | D:10     | Reached skill level 10 in Armour
  9718 | D:10     | Found a staircase to the Orcish Mines.
 10108 | D:11     | Noticed a cyclops
 10113 | D:11     | Killed a cyclops
 10114 | D:11     | Reached XP level 11. HP: 99/99 MP: 10/10
 10509 | D:11     | Noticed a boulder beetle
 10524 | D:11     | Killed a boulder beetle
 10805 | D:11     | Reached skill level 10 in Fighting
 10930 | D:11     | Noticed a two-headed ogre
 10935 | D:11     | Killed a two-headed ogre
 10936 | D:11     | Reached skill level 14 in Axes
 11651 | D:12     | Noticed a cyan ugly thing
 11660 | D:12     | Killed a cyan ugly thing
 12015 | D:12     | Noticed a centaur warrior
 12015 | D:12     | Noticed a rakshasa
 12038 | D:12     | Killed a centaur warrior
 12043 | D:12     | Killed a rakshasa
 12574 | D:12     | Noticed a two-headed ogre
 12583 | D:12     | Killed a two-headed ogre
 12935 | D:12     | Noticed a deep elf pyromancer
 12938 | D:12     | Noticed a tengu reaver
 12952 | D:12     | HP: 2/101 [tengu reaver/+0 battleaxe (5)]
 12955 | D:12     | Mangled by a tengu reaver

Illustrated notes

Levels and vault maps discovered:
D:1:      giann_forest_graveyard, layout_basic
D:2:      layout_loops_cross, hellmonk_ecumenical_altar_arch_garden,
          kennysheep_big_empty_room, kennysheep_generic_room_6
D:3:      layout_rooms, minitemple, gammafunk_ghost_mausoleum,
          minmay_gold_behind_fungi, minmay_vboxes, uniq_grinder
D:4:      layout_basic, mainiacjoe_overflow_six_doors_small
D:5:      wad_river_or_something, layout_basic, okawaru_trees_1,
          minmay_temple_entry_proselytizer, serial_shops,
          nicolae_shop_advertising_works [nicolae_subvault_shop_adworks]
D:6:      layout_loops_cross
D:7:      layout_loops_ring, minmay_crystal_water, st_stairs_5,
          dreamdust_gnoll_farm, uniq_crazy_yiuf_cottage, uniq_joseph
D:8:      layout_gridville, gammafunk_ghost_smash, minmay_misc_feat_pillars,
          minmay_shop_damaged, uniq_psyche
D:9:      layout_irregular_city, dpeg_oklobed_lair, hellmonk_ghost_big_iron,
          dk_noncrumbling_3
D:10:     layout_basic, eat_drink_and_be_merry_uskayaw, zombieorc1_lemuel,
          gammafunk_ghost_cemetery, minmay_quadrilaterals
D:11:     layout_cave_pods, chequers_serial_rivers_room_b
D:12:     nicolae_hexawheel, layout_basic, serial_shops, nicolae_take_the_stairs

Skill      XL: |  1  2  3  4  5  6  7  8  9 10 11 |
---------------+----------------------------------+-----
Shields        | 4 5 6 |  6.7
Fighting       | 4 5 6 8 9 10 | 10.5
Armour         | 4 5 6 7 8 10 11 | 11.9
Axes           | 3 5 6 7 9 11 13 14 | 14.6
Dodging        | 1 3 4 |  4.9
Stealth        | 1 |  1.8

Action                   |  1- 3 |  4- 6 |  7- 9 | 10-12 || total
-------------------------+-------+-------+-------+-------++-------
Melee: War axe           |    88 |    73 |   240 |   239 ||   640
       Headbutt          |     9 |     8 |    36 |    44 ||    97
  Use: Potion            |       |     1 |     2 |     7 ||    10
       Scroll            |       |       |    11 |     3 ||    14
 Stab: Invisible         |       |       |     1 |       ||     1
Armor: Scale mail        |    40 |    44 |   121 |    20 ||   225
       Plate armour      |       |       |       |    93 ||    93
Dodge: Dodged            |    25 |    37 |   128 |    83 ||   273
Block: Buckler           |    15 |    12 |    50 |    47 ||   124

Table legend: (Time is in decaauts)
 A = Elapsed time spent in this place.
 B = Non-inter-level travel time spent in this place.
 C = Inter-level travel time spent in this place.
 D = Time resting spent in this place.
 E = Time spent auto-exploring this place.
 F = Levels seen in this place.
 G = Mean time per level.
                   A        B        C        D        E       F      G
               +--------+--------+--------+--------+--------+-----+--------+
         Total |  13024 |  12631 |    393 |   3504 |   7184 |  12 | 1085.3 |
       Dungeon |  13024 |  12631 |    393 |   3504 |   7184 |  12 | 1085.3 |
               +--------+--------+--------+--------+--------+-----+--------+

Top non-repeatable levels by time:
    D:12: 1894 daAuts
     D:3: 1330 daAuts
     D:7: 1296 daAuts
     D:1: 1115 daAuts
     D:9: 1051 daAuts
     D:5: 1041 daAuts
     D:4: 1013 daAuts
    D:11: 965 daAuts
    D:10: 911 daAuts
     D:6: 815 daAuts
     D:2: 799 daAuts
     D:8: 788 daAuts
